 Dungeon Crawl Stone Soup version 0.19.0-24-gb05acd6 (webtiles) character file.

756 Firecrotchwizard the Cutter (level 8, -2/54 HPs)
             Began as a Halfling Fighter on Nov 18, 2016.
             Slain by an orc
             ... wielding a +0 flail
              (4 damage)
             ... on level 5 of the Dungeon on Nov 21, 2016.
             The game lasted 00:08:11 (3132 turns).

Firecrotchwizard the Cutter (Halfling Fighter)      Turns: 3132, Time: 00:08:12

Health: -2/54      AC:  8    Str: 19    XL:     8   Next: 7%
Magic:  8/8        EV: 10    Int:  6    God:
Gold:   155        SH: 10    Dex: 14    Spells: 0 memorised, 7 levels left

rFire  . . .     SeeInvis .     r - +3 short sword
rCold  . . .     Gourm    .     b - +0 scale mail
rNeg   . . .     Faith    .     c - +0 shield
rPois  .         Spirit   .     (no helmet)
rElec  .         Reflect  .     (no cloak)
rCorr  .         Harm     .     (no gloves)
MR     .....                    n - +0 pair of boots
Stlth  ..........               (no amulet)
                                (no ring)
                                (no ring)

@: no status effects
A: mutation resistance 1
a: no special abilities


You were on level 5 of the Dungeon.
You were not hungry.

You visited 1 branch of the dungeon, and saw 5 of its levels.

You collected 155 gold pieces.

Inventory:

Hand Weapons
 a - a +0 rapier
 r - a +3 short sword (weapon)
Armour
 b - a +0 scale mail (worn)
 c - a +0 shield (worn)
 n - a +0 pair of boots (worn)
Scrolls
 e - a scroll of identify
 g - 2 scrolls of amnesia {unknown}
 i - a scroll of recharging {unknown}
 l - a scroll of remove curse {unknown}
 m - a scroll of fog {unknown}
 p - 2 scrolls of random uselessness {unknown}
Potions
 d - a potion of degeneration {unknown}
 h - a potion of haste {unknown}
 k - a potion of cure mutation {unknown}
 o - 3 potions of heal wounds {unknown}
 q - a potion of brilliance {unknown}
 s - a potion of invisibility {unknown}
Comestibles
 f - 3 bread rations
 j - 2 royal jellies
 t - a meat ration


   Skills:
 * Level 3.9 Fighting
 * Level 7.4 Short Blades
 + Level 5.1 Armour
 + Level 1.4 Dodging
 + Level 4.6 Shields


You had 7 spell levels left.
You didn't know any spells.

Dungeon Overview and Level Annotations

Branches:
Dungeon (5/15)
 Temple: D:4-7

Altars:

Annotations:
D:3 graemelion's ghost, amateur MiBe
D:4 Eustachio


Innate Abilities, Weirdness & Mutations

You are small and have problems with some larger weapons.
You are somewhat resistant to further mutation.


Message History

The orc wizard gestures at you while chanting.
You resist with some effort.
You hear some strange, mumbled words.
Something tries to affect you, but you resist.
You block the orc's attack.
You miss the orc wizard.
The orc wizard is heavily wounded.
You block the orc wizard's attack. The orc hits you but does no damage.
Something hits you but does no damage. You block the orc's attack.
You hit the orc wizard.
The orc wizard is severely wounded.
The orc wizard hits you with a dagger.
* * * LOW HITPOINT WARNING * * *
The orc wizard casts a spell.
You hit the orc wizard.
The orc wizard is almost dead.
Something hits you.
* * * LOW HITPOINT WARNING * * *
The orc closely misses you. The orc hits you with a flail.
You die...

#..............?....
#....................
##.....<.............
#..................
#........†......... #
#...............#
...##..............##
#..............o..##
###............o@.#
##............o####
#............#.....
...#.......).........
.....................
.....................#
...................<##
...................#
.................#...


You could see an orc wizard and 2 orcs.

Vanquished Creatures
  Pikel (D:4)
  An ogre (D:4)
  An orc wizard (D:3)
  An orc priest (D:5)
  A bullfrog skeleton (D:4)
  2 worker ants (D:4)
  A hound zombie (D:5)
  3 gnolls (D:4)
  3 adders (D:2)
  An ooze (D:3)
  A worm (D:2)
  A dart slug (D:2)
  3 leopard geckos
  4 orcs (D:3)
  6 giant cockroaches
  6 hobgoblins
  3 quokkas
  4 bats
  6 frilled lizards
  A goblin (D:2)
  8 kobolds
  A quokka skeleton (D:5)
  9 rats
68 creatures vanquished.

Vanquished Creatures (others)
  Sigmund (D:4)
  A slave (D:4)
  A centaur (D:4)
3 creatures vanquished.

Grand Total: 71 creatures vanquished

Notes
Turn   | Place    | Note
-------+----------+-------------------------------------------
     0 | D:1      | Firecrotchwizard the Halfling Fighter began the quest for the Orb.
     0 | D:1      | Reached XP level 1. HP: 15/15 MP: 1/1
   291 | D:1      | Reached XP level 2. HP: 19/20 MP: 2/2
   508 | D:1      | Upgraded the game from 0.19.0-22-gd96e5fe to 0.19.0-24-gb05acd6
   818 | D:2      | Reached skill level 3 in Short Blades
   818 | D:2      | Reached XP level 3. HP: 22/25 MP: 3/3
  1264 | D:2      | Reached XP level 4. HP: 25/31 MP: 4/4
  2013 | D:3      | Reached skill level 4 in Short Blades
  2013 | D:3      | Reached XP level 5. HP: 13/36 MP: 5/5
  2221 | D:3      | Noticed graemelion's ghost (amateur MiBe)
  2258 | D:4      | Noticed Pikel
  2258 | D:4      | Noticed a slave
  2258 | D:4      | Noticed a slave
  2258 | D:4      | Noticed a slave
  2258 | D:4      | Noticed a slave
  2265 | D:4      | Killed Pikel
  2265 | D:4      | Reached skill level 6 in Short Blades
  2265 | D:4      | Reached skill level 1 in Dodging
  2265 | D:4      | Reached XP level 6. HP: 16/43 MP: 6/6
  2265 | D:4      | Reached XP level 7. HP: 18/47 MP: 7/7
  2721 | D:4      | Reached skill level 5 in Armour
  2833 | D:4      | Killed Sigmund
  3014 | D:4      | Reached skill level 7 in Short Blades
  3044 | D:4      | Reached XP level 8. HP: 53/54 MP: 8/8
  3048 | D:4      | Noticed Eustachio
  3056 | D:5      | Entered Level 5 of the Dungeon
  3132 | D:5      | HP: 2/54 [something (2)]
  3132 | D:5      | Slain by an orc

Skill      XL: |  1  2  3  4  5  6  7 |
---------------+----------------------+-----
Short Blades   | 3 4 6 7 |  7.4
Fighting       | 3 |  3.9
Armour         | 4 5 |  5.1
Dodging        | 1 |  1.4
Shields        | 4 |  4.6

Action                   |  1- 3 |  4- 6 |  7- 9 || total
-------------------------+-------+-------+-------++-------
Melee: Rapier            |   126 |    76 |       ||   202
       Short sword       |       |     6 |    98 ||   104
  Use: Scroll            |     1 |     1 |       ||     2
       Potion            |       |     1 |       ||     1
  Eat: Pizza             |     1 |       |     1 ||     2
       Chunk             |       |     3 |     1 ||     4
Armor: Scale mail        |    48 |    25 |    31 ||   104
Dodge: Dodged            |    43 |    26 |    31 ||   100
Block: Shield            |    67 |    41 |    50 ||   158
